 Seeded DCSS version 0.30.0-29-ga12c61a403 (webtiles) character file.

Game seed: 701750224110604655 (custom seed)

347244 Hubris850 the Phalangite (level 21, 0/191 HPs)
             Began as a Minotaur Gladiator on June 9, 2023.
             Was the Champion of the Shining One.
             Killed from afar by a titan (11 damage)
             ... with a bolt of lightning
             ... on level 5 of the Vaults.
             The game lasted 01:59:01 (39478 turns).

Hubris850 the Phalangite (Minotaur Gladiator)      Turns: 39478, Time: 01:59:02

Health: 0/191      AC: 45    Str: 27    XL:     21   Next: 21%
Magic:  20/34      EV: 34    Int:  7    God:    the Shining One [******]
Gold:   3184       SH: 14    Dex: 17    Spells: 20/20 levels left

rFire   + + .        a - +9 bardiche of Wu Jian, Growing {freeze, rN+ SInv}
rCold   + + .        (shield currently unavailable)
rNeg    + + +        m - +16 plate armour of Deliguc {Harm rC+ Int-5}
rPois   +            Z - +0 hat of Udeiwuwu {rPois Str+2}
rElec   +            M - +1 cloak
rCorr   .            V - +5 pair of gloves of the Orb {rF+ rC+}
SInv    +            p - +2 pair of boots {Fly}
Will    ++...        s - amulet of Ynuaz {Acrobat Harm} Stlth
                     Y - ring "Gifaw" {rElec rF+ Will+ Int+4}
HPRegen 0.51/turn    O - ring of Danauv {EV+5 Int+3 Slay+2}
MPRegen 0.24/turn

%: harm (+45% outgoing, +30% incoming), acrobat
@: mighty, divinely shielded, about to teleport, marked, acrobatic, flying,
glowing, studying Shields
A: horns 2, retaliatory headbutt
}: 2/15 runes: decaying, serpentine
a: Renounce Religion, Divine Shield, Cleansing Flame, Summon Divine Warrior,
Brand Weapon With Holy Wrath


You were on level 5 of the Vaults.
You worshipped the Shining One.
The Shining One was exalted by your worship.
You visited 6 branches of the dungeon, and saw 35 of its levels.
You also visited: Sewer, Ice Cave and Volcano.

You collected 5228 gold pieces.
You spent 2044 gold pieces at shops.

Inventory:

Hand Weapons
 a - the +9 bardiche of Wu Jian, Growing (weapon) {freeze, rN+ SInv}
   (You found it on level 2 of the Dungeon)

   rN:        It protects you from negative energy.
   SInv:      It lets you see invisible.
 b - the +1 war axe of Weak Prudence {flame, rPois Int-3 Dex+2 Stlth+}
   (You found it on level 3 of the Dungeon)

   Int:       It affects your intelligence (-3).
   Dex:       It affects your dexterity (+2).
   rPois:     It protects you from poison.
   Stlth:     It makes you more stealthy.
Missiles
 d - 4 throwing nets
 j - 5 silver boomerangs
 x - 27 boomerangs (quivered)
 D - 20 javelins
Armour
 m - the +16 plate armour of Deliguc (worn) {Harm rC+ Int-5}
   (You acquired it on level 3 of the Snake Pit)

   Int:       It affects your intelligence (-5).
   rC:        It protects you from cold.
   Harm:      It increases damage dealt and taken.
 p - a +2 pair of boots of flying (worn)
 M - a +1 cloak (worn)
 V - the +5 pair of gloves of the Orb (worn) {rF+ rC+}
   (You found it on level 4 of the Lair of Beasts)

   rF:        It protects you from fire.
   rC:        It protects you from cold.
 Z - the +0 hat of Udeiwuwu (worn) {rPois Str+2}
   (You found it on level 9 of the Dungeon)

   Str:       It affects your strength (+2).
   rPois:     It protects you from poison.
Jewellery
 s - the amulet of Ynuaz (around neck) {Acrobat Harm}
   (You took it off a skeletal warrior on level 11 of the Dungeon)

   [amulet of the acrobat]

   It increases your evasion while moving and waiting.
   Harm:      It increases damage dealt and taken.
 O - the ring of Danauv (right hand) {EV+5 Int+3 Slay+2}
   (You took it off an efreet on level 11 of the Dungeon)

   [ring of evasion]

   EV:        It affects your evasion (+5).
   Int:       It affects your intelligence (+3).
   Slay:      It affects your accuracy & damage with ranged weapons and melee
   (+2).
 Y - the ring "Gifaw" (left hand) {rElec rF+ Will+ Int+4}
   (You acquired it on level 9 of the Dungeon)

   [ring of willpower]

   Int:       It affects your intelligence (+4).
   rF:        It protects you from fire.
   rElec:     It insulates you from electricity.
   Will:      It increases your willpower.
Wands
 k - a wand of mindburst (6)
 L - a wand of flame (51)
 Q - a wand of iceblast (26)
Scrolls
 e - 4 scrolls of magic mapping
 f - a scroll of brand weapon
 h - 12 scrolls of teleportation
 l - 4 scrolls of immolation
 n - 2 scrolls of butterflies
 o - 2 scrolls of blinking
 q - 4 scrolls of fog
 y - 2 scrolls of silence
 C - a scroll of fear
Potions
 c - a potion of flight
 g - 2 potions of might
 i - 5 potions of resistance
 u - 5 potions of haste
 w - 6 potions of heal wounds
 E - 4 potions of ambrosia
 J - 9 potions of curing
 X - a potion of berserk rage
Miscellaneous
 t - a condenser vane
 S - a phantom mirror


   Skills:
 - Level 17.0 Fighting
 - Level 24.0 Polearms
 + Level 18.2 Throwing
 - Level 15.0 Armour
 - Level 12.0 Dodging
 - Level 12.0 Shields
 - Level 20.0 Invocations
 - Level 8.0 Evocations


You had 20 spell levels left.
You didn't know any spells.
Your spell library contained the following spells:

 Spells                   Type           Power      Damage    Failure   Level
 Apportation              Tloc           0%         N/A       96%         1
 Magic Dart               Conj           0%         1d3       96%         1
 Necrotise                Necr           0%         1d4       96%         1
 Shock                    Conj/Air       0%         1d3       96%         1
 Summon Small Mammal      Summ           0%         N/A       96%         1
 Blink                    Tloc           0%         N/A       99%         2
 Call Imp                 Summ           0%         N/A       99%         2
 Ensorcelled Hibernation  Hex/Ice        0%         N/A       99%         2
 Lesser Beckoning         Tloc           0%         N/A       99%         2
 Momentum Strike          Conj/Tloc      0%         3d8       99%         2
 Passwall                 Tmut/Erth      0%         N/A       99%         2
 Sublimation of Blood     Necr           0%         N/A       99%         2
 Wereblood                Tmut           0%         N/A       99%         2
 Frozen Ramparts          Ice            0%         1d1       100%        3
 Gell's Gravitas          Tloc           0%         N/A       100%        3
 Mephitic Cloud           Conj/Pois/Air  0%         N/A       100%        3
 Swiftness                Air            0%         N/A       100%        3
 Teleport Other           Tloc           0%         N/A       100%        3
 Vhi's Electric Charge    Tloc/Air       0%         N/A       100%        3
 Airstrike                Air            0%         2d(0-16)  100%        4
 Cause Fear               Hex            0%         N/A       100%        4
 Ice Form                 Ice/Tmut       0%         N/A       100%        4
 Summon Ice Beast         Ice/Summ       0%         N/A       100%        4
 Alistair's Intoxication  Tmut/Pois      0%         N/A       100%        5
 Arcjolt                  Conj/Air       0%         1d10      100%        5
 Fireball                 Conj/Fire      0%         3d3       100%        5
 Freezing Cloud           Conj/Ice/Air   0%         6-21      100%        5
 Iskenderun's Battlesphe  Conj           0%         2d6       100%        5
 Conjure Ball Lightning   Conj/Air       0%         3x3d6     100%        6
 Dragon Form              Tmut           0%         N/A       100%        7
 Orb of Destruction       Conj           0%         9d5       100%        7
 Summon Hydra             Summ           0%         N/A       100%        7
 Discord                  Hex            0%         N/A       100%        8
 Disjunction              Tloc           0%         N/A       100%        8
 Maxwell's Capacitive Co  Air            0%         ∞         100%        8
 Chain Lightning          Conj/Air       0%         N/A       100%        9
 Dragon's Call            Summ           0%         N/A       100%        9
 Fire Storm               Conj/Fire      0%         5d1       100%        9
 Shatter                  Erth           0%         3d5*      100%        9


Dungeon Overview and Level Annotations

Branches:
Dungeon (15/15)            Temple (0/1) D:6            Lair (5/5) D:11
  Swamp (4/4) Lair:2        Snake (4/4) Lair:3        Slime (0/5) Lair:4
    Orc (2/2) D:11            Elf (0/3) Orc:2        Vaults (5/5) D:14
  Crypt (0/3) Vaults:2     Depths (0/4) D:15          Sewer (visited)
  IceCv (visited)         Volcano (visited)

Altars:
Dithmenos
Elyvilon
Fedhas
Hepliaklqana
Qazlal
Trog
Uskayaw
Vehumet
Yredelemnul
Zin
The Shining One
Jiyva

Shops:
D:1 =   D:6 **   Orc:2 (!:!:   Vaults:3 (   Vaults:5 [=


Innate Abilities, Weirdness & Mutations

You have a pair of horns on your head.
You reflexively headbutt those who attack you in melee.


Message History

The mark upon you grows brighter.
You slash the frost giant!
The frost giant is heavily wounded.
You slice the frost giant!! You freeze the frost giant.
You kill the frost giant!
The sphinx is empowered by the deep elf high priest's aura!
An ironbound convoker comes into view. It is wielding a +0 heavy flail.
The yaktaur captain hits you!
* * * LOW HITPOINT WARNING * * *
The tengu reaver casts a spell at you. The bolt of fire misses you.
The vault sentinel blows a loud note on a signal horn!
As you read the scroll of teleportation, it crumbles to dust.
You feel strangely unstable.
A tentacled monstrosity comes into view.
The ironbound convoker gestures at the tentacled monstrosity while chanting.
The yaktaur captain hits you but does no damage.
The phantasmal warrior gestures at you.
The phantasmal warrior blinks!
The titan casts a spell at you. The bolt of lightning hits you! You resist.
* * * LOW HITPOINT WARNING * * *
The shadow dragon breathes negative energy at you.
The bolt of negative energy hits the tentacled monstrosity.
The tentacled monstrosity completely resists.
The bolt of negative energy hits you but does no damage.
You resist.
Unknown command.
Unknown command.
Blink to where?
Press: ? - help, Dir - move target
As you read the scroll of blinking, it crumbles to dust.
The yaktaur captain wields a +0 arbalest.
The yaktaur captain shoots a bolt.
You block the bolt.
The deep elf high priest utters a dark prayer and points at you.
You are unaffected.
Found a book of Necromancy.
The titan casts a spell at you. The bolt of lightning hits you! You resist.
You die...

############
...........#
.....:.....#
################@...#
....................#
........pDQ......#..#
.c..)..X..X......#..#
#.D.H..).......# .#
#'''#)..C./....# .#
#.[.#)†cp.e....# #
#.∩.#§(p.......#
#.p.###)....../#


You could see a shadow dragon (catching breath), a tentacled monstrosity, a
titan (empowered), a vault warden (empowered), a tengu reaver (empowered), a
yaktaur captain, a vault sentinel (empowered, catching breath) and a deep elf
high priest (brilliance aura).

Vanquished Creatures
  The ghost of Tang the Slayer, a master DsGl of Makhleb (Vaults:2)
  Bai Suzhen (Vaults:4)
  Saint Roka (Snake:2)
  A golden dragon (Vaults:5)
  Jory (Vaults:3)
  3 tentacled monstrosities
  Rupert (D:12)
  A lich (Vaults:4)
  3 titans
  6 sphinxes
  Kirke (Swamp:1)
  2 tengu reavers
  A storm dragon (Vaults:5)
  12 nagarajas (Snake:4)
  A rockslime (IceCv)
  3 azure jellies (IceCv)
  A fenstrider witch (Swamp:1)
  A shadow dragon (Vaults:5)
  A frost giant (Vaults:5)
  A deep elf sorcerer (Vaults:3)
  8 vault wardens
  A fire giant (Vaults:5)
  4 very ugly things
  Louise (Swamp:2)
  5 orc warlords
  2 war gargoyles (Vaults:5)
  4 quicksilver oozes (IceCv)
  13 ironbound preservers
  3 stone giants
  12 ironbound thunderhulks
  3 eleionomae
  7 dire elephants
  The ghost of Fractals the Fighter, a journeyman HOMo of Okawaru (D:12)
  3 bunyips
  2 deep elf death magi
  An ettin (Orc:1)
  2 fire dragons
  2 green deaths (Swamp:4)
  The ghost of Ryceo the Dancer, a journeyman DsGl of Uskayaw (D:13)
  A deep elf high priest (Vaults:5)
  14 hydras
  The ghost of Dikli the Blocker, a journeyman MiBe of Trog (Lair:3)
  8 yaktaur captains
  7 great orbs of eyes
  A shambling mangrove (Swamp:2)
  3 entropy weavers
  31 vault guards
  A salamander tyrant (Snake:4)
  A ghost crab (Swamp:1)
  4 anacondas
  2 catoblepae
  22 centaur warriors
  5 ironbound frosthearts
  8 two-headed ogres
  8 alligators
  2 orc high priests
  13 naga warriors
  6 boulder beetles
  3 tengu warriors
  5 death yaks (Lair:5)
  Urug (D:13)
  11 naga sharpshooters
  6 shock serpents
  A thrashing horror (Swamp:4)
  A soul eater (Vaults:2)
  A sun demon (Volcano)
  2 skysharks
  8 goliath frogs
  4 salamander mystics
  7 skeletal warriors
  A deep troll (shapeshifter) (Vaults:5)
  6 swamp dragons
  Lodul (D:12)
  32 deep trolls
  2 spriggan druids
  3 sea snakes (Snake:4)
  9 wizards
  A tengu zombie (Vaults:3)
  An orange crystal statue (IceCv)
  6 naga ritualists
  3 necromancers
  8 bog bodies
  15 ironbound convokers
  2 phantasmal warriors
  10 orc knights
  7 lindwurms
  A deep elf zephyrmancer (D:9)
  2 deep elf pyromancers
  2 oklob plants
  A fire giant zombie (Vaults:3)
  48 ugly things
  12 cyclopes
  13 mana vipers
  8 orc sorcerers
  A stone giant zombie (Vaults:3)
  5 will-o-the-wisps
  7 elephants
  17 salamanders
  4 manticores
  2 moths of wrath (Lair:3)
  18 naga magi
  33 black mambas
  A fire giant skeleton (Vaults:1)
  A human skeleton (Vaults:1)
  2 molten gargoyles (Volcano)
  6 guardian serpents
  12 vault sentinels
  A torpor snail (Lair:2)
  13 cane toads
  3 gargoyles
  4 orange demons (Swamp:4)
  A yaktaur zombie (Vaults:3)
  2 rime drakes (Lair:2)
  A tengu conjurer (D:14)
  4 efreet
  2 unseen horrors
  16 yaktaurs
  11 komodo dragons
  A red devil (Volcano)
  10 trolls
  6 meliai
  A freezing wraith (D:15)
  3 large abominations (Swamp:4)
  A queen bee (D:15)
  2 bloated husks
  9 polar bears
  8 dream sheep
  Grinder (D:4)
  9 tyrant leeches
  14 blink frogs
  7 saltlings (Orc:2)
  49 slime creatures
  2 vampires
  An elf skeleton (Vaults:1)
  11 hornets
  A jumping spider (shapeshifter) (D:14)
  2 culicivoras (Vaults:2)
  3 shadows
  6 wyverns
  22 spriggans
  A hog (Swamp:1)
  2 fire bats (Volcano)
  A wraith (Vaults:2)
  30 yaks
  2 steam dragons
  A redback (Vaults:2)
  10 vampire mosquitoes
  2 basilisks
  13 swamp worms
  42 nagas
  An ogre zombie (Vaults:1)
  16 wargs
  An acid dragon (D:8)
  10 water moccasins
  A meliai simulacrum (D:11)
  2 hell hounds (Volcano)
  2 ice beasts
  8 black bears
  2 swamp drakes
  37 orc warriors
  2 great orb of eyes simulacra (IceCv)
  19 ogres
  23 wolves
  5 boggarts
  7 centaurs
  8 slime creature simulacra (IceCv)
  6 kobold brigands
  11 bullfrogs
  5 scorpions
  2 gnoll sergeants
  7 glowing shapeshifter simulacra (IceCv)
  15 wights
  22 killer bees
  5 howler monkeys
  5 electric eels
  5 lava snakes (Volcano)
  A crimson imp (D:9)
  31 orc priests
  6 hounds
  Crazy Yiuf (D:4)
  A jelly (D:4)
  An iron imp (D:9)
  3 gnoll boudas
  5 iguanas
  2 sleepcaps (D:5)
  27 orc wizards
  A sickly merfolk siren (Sewer)
  2 hell rats (Lair:1)
  A malarious merfolk avatar (Sewer)
  33 gnolls
  9 adders
  7 river rats
  3 shadow imps
  2 white imps
  4 worms
  3 dart slugs
  140 orcs
  6 ball pythons
  8 bats
  6 endoplasms
  2 giant cockroaches (Sewer)
  5 goblins
  8 hobgoblins
  19 jackals
  39 kobolds
  5 quokkas
  4 frilled lizards
  26 rats
1578 creatures vanquished.

Vanquished Creatures (collateral kills)
  The ghost of Ukiefoc the Devastator, an adept DrFE of Vehumet (Vaults:2)
  A sphinx (Vaults:5)
  The ghost of Yjimoseergh the Spry, an adept SpFE of Dithmenos (Vaults:2)
  3 nagarajas (Snake:4)
  A salamander tyrant (Snake:4)
  2 naga warriors (Snake:4)
  A naga sharpshooter (Snake:4)
  A mana viper (Snake:4)
  A salamander (Snake:4)
  A naga mage (Snake:4)
  A black mamba (Snake:4)
  A naga (Snake:4)
15 creatures vanquished.

Vanquished Creatures (others)
  A tentacled monstrosity (Vaults:5)
  A naga warrior (Snake:4)
  A bloated husk (Swamp:3)
  A hog (Swamp:1)
  3 humans (Swamp:1)
  An orc priest (Snake:2)
  14 foxfires
22 creatures vanquished.

Grand Total: 1615 creatures vanquished

Notes
Turn   | Place    | Note
-------+----------+-------------------------------------------
     0 | D:1      | Hubris850 the Minotaur Gladiator began the quest for the
                  | Orb.
     0 | D:1      | Reached XP level 1. HP: 18/18 MP: 0/0
   218 | D:1      | Reached XP level 2. HP: 25/25 MP: 1/1
   372 | D:1      | Reached skill level 1 in Armour
   460 | D:1      | Found Dumaxi's Jewellery Emporium.
   530 | D:1      | Reached skill level 4 in Polearms
   787 | D:2      | Reached XP level 3. HP: 27/31 MP: 2/2
  1093 | D:2      | Identified the +9 bardiche of Wu Jian, Growing {freeze, rN+
                  | SInv}
  1216 | D:2      | Reached XP level 4. HP: 38/38 MP: 3/3
  1746 | D:3      | Found a glowing drain.
  1770 | Sewer    | Entered a sewer
  1849 | Sewer    | Reached XP level 5. HP: 42/46 MP: 4/4
  2120 | Sewer    | Reached skill level 5 in Polearms
  2279 | D:3      | Identified the +1 war axe of Weak Prudence {flame, rPois
                  | Int-3 Dex+2 Stlth+}
  2540 | D:4      | Noticed an ogre
  2541 | D:4      | Killed an ogre
  2542 | D:4      | Reached XP level 6. HP: 52/52 MP: 5/5
  2749 | D:4      | Noticed Grinder
  2753 | D:4      | Killed Grinder
  2754 | D:4      | Reached skill level 6 in Polearms
  2754 | D:4      | Reached XP level 7. HP: 59/59 MP: 6/6
  2763 | D:4      | Identified the +5 short sword "Qiynaa" {flame, Str+4 SInv}
  3000 | D:4      | Found a hazy altar of Hepliaklqana.
  3312 | D:4      | Found a runed translucent door.
  3313 | D:4      | Noticed Crazy Yiuf
  3317 | D:4      | Killed Crazy Yiuf
  3318 | D:4      | Reached skill level 5 in Armour
  3365 | D:5      | Entered Level 5 of the Dungeon
  3402 | D:5      | Reached skill level 5 in Throwing
  3486 | D:5      | Reached skill level 7 in Polearms
  3551 | D:5      | Found a basalt altar of Yredelemnul.
  3581 | D:5      | Reached XP level 8. HP: 66/66 MP: 7/7
  3630 | D:5      | Found a radiant altar of Vehumet.
  3677 | D:5      | Found a white marble altar of Elyvilon.
  3677 | D:5      | Found a stormy altar of Qazlal.
  3678 | D:5      | Found a glowing golden altar of the Shining One.
  3683 | D:5      | Became a worshipper of the Shining One
  4000 | D:5      | Reached skill level 8 in Polearms
  4702 | D:6      | Reached XP level 9. HP: 61/71 MP: 8/8
  4740 | D:6      | Found Arghoenn's Specific Store.
  4745 | D:6      | Found Zow Oto's General Store.
  4749 | D:6      | Bought a potion of degeneration for 11 gold pieces
  4749 | D:6      | Bought a scroll of noise for 11 gold pieces
  4749 | D:6      | Bought a scroll of identify for 22 gold pieces
  4790 | D:6      | Reached * piety under the Shining One
  4798 | D:6      | Reached skill level 9 in Polearms
  4800 | D:6      | HP: 1/71 [orc wizard/+0 dagger (3)]
  5099 | D:6      | Found a staircase to the Ecumenical Temple.
  5473 | D:7      | Identified a scroll of acquirement
  5473 | D:7      | Acquired 627 gold pieces
  5482 | D:7      | Reached skill level 10 in Polearms
  5563 | D:7      | Noticed a troll
  5569 | D:7      | Killed a troll
  5570 | D:7      | Reached skill level 11 in Polearms
  5576 | D:7      | Found the +18 Lear's hauberk
  6085 | D:8      | Reached ** piety under the Shining One
  6139 | D:8      | Reached skill level 12 in Polearms
  6141 | D:8      | Reached XP level 10. HP: 78/78 MP: 9/9
  6184 | D:8      | Found a blossoming altar of Fedhas.
  6245 | D:8      | Reached skill level 13 in Polearms
  6928 | D:9      | Reached *** piety under the Shining One
  6938 | D:9      | Reached skill level 14 in Polearms
  7009 | D:9      | Noticed a boulder beetle
  7015 | D:9      | Killed a boulder beetle
  7126 | D:9      | Acquired the ring "Gifaw" {rElec rF+ Will+ Int+4}
  7149 | D:9      | Reached skill level 15 in Polearms
  7180 | D:9      | Found a hide-covered altar of Uskayaw.
  7428 | D:9      | Noticed a deep elf pyromancer
  7431 | D:9      | Killed a deep elf pyromancer
  7433 | D:9      | Identified the +0 hat of Udeiwuwu {rPois Str+2}
  7452 | D:9      | Noticed a deep elf zephyrmancer
  7454 | D:9      | Killed a deep elf zephyrmancer
  7455 | D:9      | Reached skill level 16 in Polearms
  7455 | D:9      | Reached XP level 11. HP: 78/84 MP: 10/10
  7805 | D:10     | Entered Level 10 of the Dungeon
  7805 | D:10     | Found a shadowy altar of Dithmenos.
  8033 | D:10     | Noticed a two-headed ogre
  8038 | D:10     | Killed a two-headed ogre
  8129 | D:10     | Reached skill level 1 in Invocations
  8720 | D:11     | Found a staircase to the Orcish Mines.
  8749 | D:11     | Reached **** piety under the Shining One
  8919 | D:11     | Reached skill level 17 in Polearms
  9002 | D:11     | Noticed a boulder beetle
  9013 | D:11     | Killed a boulder beetle
  9244 | D:11     | Noticed a two-headed ogre
  9251 | D:11     | Killed a two-headed ogre
  9252 | D:11     | Reached skill level 5 in Invocations
  9285 | D:11     | Noticed a deep elf pyromancer
  9288 | D:11     | Killed a deep elf pyromancer
  9351 | D:11     | Noticed a fire dragon
  9360 | D:11     | Killed a fire dragon
  9375 | D:11     | Noticed a white ugly thing
  9379 | D:11     | Noticed a skeletal warrior
  9381 | D:11     | Reached skill level 18 in Polearms
  9382 | D:11     | Noticed a tengu warrior
  9388 | D:11     | Killed a skeletal warrior
  9392 | D:11     | Reached XP level 12. HP: 32/91 MP: 7/15
  9396 | D:11     | Noticed a tengu warrior
  9397 | D:11     | Killed a tengu warrior
  9399 | D:11     | Identified the amulet of Ynuaz {Acrobat Harm}
  9402 | D:11     | Killed a tengu warrior
  9404 | D:11     | Noticed a catoblepas
  9409 | D:11     | Killed a catoblepas
  9559 | D:11     | Identified the ring of Danauv {EV+5 Int+3 Slay+2}
  9698 | D:11     | Found a staircase to the Lair.
  9867 | Lair:1   | Entered Level 1 of the Lair of Beasts
  9961 | D:11     | Identified the ring of Deuxy {Wiz Int+4 Slay-5}
  9970 | D:11     | Identified the ring of the Gastropod {Fire Will+ Int+3
                  | Stlth+}
 10140 | D:11     | Noticed a centaur warrior
 10159 | D:11     | Noticed a centaur warrior
 10165 | D:11     | Killed a centaur warrior
 10166 | D:11     | Reached skill level 19 in Polearms
 10167 | D:11     | Killed a centaur warrior
 10454 | Lair:1   | Found a dark tunnel.
 10465 | Volcano  | Entered a volcano
 10685 | Volcano  | Found a radiant altar of Vehumet.
 10692 | Volcano  | Reached skill level 20 in Polearms
 10994 | Lair:1   | Reached ***** piety under the Shining One
 11283 | Lair:1   | Noticed a fire dragon
 11290 | Lair:1   | Killed a fire dragon
 11291 | Lair:1   | Reached XP level 13. HP: 96/96 MP: 18/18
 11657 | Lair:2   | Reached skill level 21 in Polearms
 12418 | Lair:2   | Found a staircase to the Swamp.
 12713 | Lair:3   | Found a transporter.
 12714 | Lair:3   | Found a transporter.
 12722 | Lair:3   | Found a bloodstained altar of Trog.
 12723 | Lair:3   | Noticed Dikli's ghost (journeyman MiBe)
 12732 | Lair:3   | Killed Dikli's ghost
 12746 | Lair:3   | Reached skill level 22 in Polearms
 13092 | Lair:3   | Found a staircase to the Snake Pit.
 13438 | Lair:3   | Reached skill level 23 in Polearms
 13757 | Lair:3   | Identified the ring of Xom's Regard {+Blink Fly rCorr}
 14316 | Lair:4   | You fall into a shaft and drop 1 floor!
 14316 | Lair:5   | Entered Level 5 of the Lair of Beasts
 14445 | Lair:5   | Reached XP level 14. HP: 103/104 MP: 19/19
 14494 | Lair:5   | Reached skill level 24 in Polearms
 14548 | Lair:4   | Reached skill level 1 in Evocations
 14551 | Lair:4   | Identified the +5 pair of gloves of the Orb {rF+ rC+}
 14647 | Lair:4   | Found a viscous altar of Jiyva.
 14978 | Lair:4   | Found a staircase to the Slime Pits.
 15829 | Lair:5   | Reached skill level 5 in Evocations
 16202 | Lair:5   | Reached skill level 10 in Invocations
 16501 | Lair:5   | Found a blossoming altar of Fedhas.
 17058 | Orc:1    | Entered Level 1 of the Orcish Mines
 17096 | Orc:2    | Entered Level 2 of the Orcish Mines
 17096 | Orc:2    | Found a staircase to the Elven Halls.
 17121 | Orc:2    | Noticed an orc warlord
 17124 | Orc:2    | Reached ****** piety under the Shining One
 17349 | Orc:2    | Killed an orc warlord
 18068 | Orc:2    | Found Ipsedeo's Antique Weapon Boutique.
 18276 | Orc:2    | Noticed an orc warlord
 18287 | Orc:2    | Killed an orc warlord
 18288 | Orc:2    | Reached XP level 15. HP: 59/110 MP: 22/22
 18460 | Orc:2    | Found Ogaguoree's Book Shoppe.
 18466 | Orc:2    | Found Maohuphi's Distillery.
 18518 | Orc:2    | Found Folosuargh's Distillery.
 18546 | Orc:2    | Bought a manual of Fighting for 960 gold pieces
 18681 | Orc:2    | Found Aqoan's Book Shoppe.
 19227 | Orc:2    | Reached skill level 5 in Fighting
 20039 | D:12     | Found a runed translucent door.
 20040 | D:12     | Noticed Fractals's ghost (journeyman HOMo)
 20050 | D:12     | Killed Fractals's ghost
 20156 | D:12     | Noticed Lodul
 20166 | D:12     | Killed Lodul
 20304 | D:12     | Noticed Rupert
 20315 | D:12     | Reached skill level 10 in Fighting
 20317 | D:12     | Killed Rupert
 20418 | D:13     | Noticed Urug
 20427 | D:13     | Killed Urug
 21093 | D:13     | You are sucked into a shaft and drop 2 floors!
 21093 | D:15     | Entered Level 15 of the Dungeon
 21115 | D:15     | Found a staircase to the Depths.
 22133 | D:15     | Found a glowing silver altar of Zin.
 22293 | D:14     | Reached XP level 16. HP: 142/144 MP: 25/25
 22370 | D:14     | Found a gate to the Vaults.
 22536 | D:14     | Reached skill level 15 in Fighting
 23145 | D:13     | Found a runed translucent door.
 23201 | D:13     | Identified the +7 trident of Cruel Justice {holy, rPois}
 23201 | D:13     | Noticed Ryceo's ghost (journeyman DsGl)
 23590 | D:13     | Killed Ryceo's ghost
 23833 | Swamp:1  | Entered Level 1 of the Swamp
 24003 | Swamp:1  | Noticed Kirke
 24014 | Swamp:1  | Killed Kirke
 24531 | Swamp:2  | Reached skill level 5 in Dodging
 24603 | Swamp:2  | Noticed Louise
 24917 | Swamp:2  | Killed Louise
 25004 | Swamp:2  | Identified the +0 pair of boots of Past Mistakes {Rampage
                  | Drain Int-2 Dex+7}
 25339 | Swamp:2  | Found the necklace of Bloodlust {Fury *Rage Will++ Int-3
                  | Slay+6}
 25786 | Swamp:3  | Found the ring of Shadows {Umbra +Inv Stlth+}
 25842 | Swamp:3  | Reached skill level 10 in Armour
 26218 | Swamp:3  | Identified the +0 ring mail "Hennijarr" {Contam rN+ Dex+5}
 26452 | Snake:1  | Entered Level 1 of the Snake Pit
 26942 | Snake:1  | Reached XP level 17. HP: 135/161 MP: 11/26
 26974 | Snake:1  | Found a frozen archway.
 26990 | Snake:1  | Reached skill level 10 in Throwing
 27003 | IceCv    | Entered an ice cave
 27126 | IceCv    | Got the Directory of Hoarfrost
 27333 | IceCv    | Found a viscous altar of Jiyva.
 27381 | IceCv    | Identified the amulet "Heineokh" {Acrobat Int+3}
 27651 | Swamp:4  | Entered Level 4 of the Swamp
 27667 | Swamp:4  | Noticed a tentacled monstrosity
 27672 | Swamp:4  | Killed a tentacled monstrosity
 28082 | Swamp:4  | Noticed a tentacled monstrosity
 28111 | Swamp:4  | Killed a tentacled monstrosity
 28382 | Swamp:4  | Got a decaying rune of Zot
 29359 | Snake:2  | Noticed Saint Roka
 29371 | Snake:2  | Killed Saint Roka
 29608 | Snake:2  | Identified the +1 helmet of Inaction {Will- Regen+ Str+4
                  | Stlth-}
 30077 | Snake:3  | Reached XP level 18. HP: 161/169 MP: 27/27
 30217 | Snake:3  | Acquired the +16 plate armour of Deliguc {Harm rC+ Int-5}
 30637 | Snake:4  | Entered Level 4 of the Snake Pit
 30989 | Snake:4  | Reached skill level 15 in Invocations
 31827 | Snake:4  | Got a serpentine rune of Zot
 32440 | Vaults:1 | Entered Level 1 of the Vaults
 32480 | Vaults:1 | Reached XP level 19. HP: 63/177 MP: 25/31
 33894 | Vaults:1 | Reached skill level 1 in Shields
 35018 | Vaults:2 | Reached skill level 10 in Dodging
 35258 | Vaults:2 | Found a runed translucent gate.
 35258 | Vaults:2 | Found a runed translucent gate.
 35258 | Vaults:2 | Found a runed translucent gate.
 35260 | Vaults:2 | Noticed Yjimoseergh's ghost (adept SpFE)
 35260 | Vaults:2 | Noticed Ukiefoc's ghost (adept DrFE)
 35260 | Vaults:2 | Noticed Tang's ghost (master DsGl)
 35277 | Vaults:2 | Reached skill level 5 in Shields
 35528 | Vaults:2 | Found a staircase to the Crypt.
 35811 | Vaults:2 | Killed Tang's ghost
 35812 | Vaults:2 | Reached XP level 20. HP: 175/184 MP: 21/33
 35816 | Vaults:2 | Killed Yjimoseergh's ghost
 35825 | Vaults:2 | Killed Ukiefoc's ghost
 35985 | Vaults:3 | Found Biraqadd's Antique Weapon Boutique.
 36198 | Vaults:3 | Identified the +0 scale mail of Privacy {rPois rF++ rCorr
                  | Dex-4}
 36383 | Vaults:3 | Noticed Jory
 36393 | Vaults:3 | Killed Jory
 37148 | Vaults:4 | Paralysed by a great orb of eyes for 5 turns
 37844 | Lair:1   | Acquired a manual of Throwing
 38084 | Vaults:4 | Noticed Bai Suzhen
 38089 | Vaults:4 | Killed Bai Suzhen
 38286 | Vaults:4 | Reached skill level 15 in Armour
 38717 | Orc:2    | Bought a manual of Shields for 1040 gold pieces
 39063 | Vaults:5 | Entered Level 5 of the Vaults
 39066 | Vaults:5 | Reached skill level 10 in Shields
 39070 | Vaults:5 | Reached skill level 15 in Throwing
 39374 | Vaults:5 | Reached XP level 21. HP: 64/191 MP: 29/34
 39436 | Vaults:5 | Found Jerchueg's Antique Armour Shoppe.
 39436 | Vaults:5 | Found Rito's Jewellery Boutique.
 39455 | Vaults:5 | Noticed a golden dragon
 39461 | Vaults:5 | Killed a golden dragon
 39475 | Vaults:5 | HP: 9/191 [titan/bolt of lightning (15)]
 39478 | Vaults:5 | Killed from afar by a titan

Illustrated notes

Levels and vault maps discovered:
D:1:      dpeg_arrival_orchard, layout_loops_ring, serial_shops, shop
D:2:      layout_loops_cross
D:3:      layout_basic, portal_sewer_entry_b, kennysheep_nub,
          serial_bayou_pond_d
D:4:      layout_loops_cross, mainiacjoe_overflow_brackets, uniq_grinder,
          uniq_crazy_yiuf_cottage
D:5:      lemuel_castle_with_subvaults [lemuel_castle_interior_carwin_2],
          layout_gridville, vehumet_crystals, lemuel_doored_altar,
          gammafunk_temple_overflow_forgotten, kennysheep_small_square
D:6:      layout_loops_cross, minmay_temple_entry_gardened_gates,
          chequers_jeans, nicolae_specific_store
D:7:      layout_rooms, minmay_liquid_box, hellmonk_guarded_unrand_lears
D:8:      layout_gridville, fedhas_altar_2, serial_park_tiny_pond, st_stairs_2
D:9:      layout_roguey, nicolae_uskayaw_dance_studio, hangedman_minor_magic
D:10:     layout_long_grid, amcnicky_altar_gilded, grunt_decor_cap
D:11:     minmay_the_grid_triangle_9x9_rhombus_full_mashed
          [minmay_the_grid_triangle_9x9_flanged_cone,
          minmay_the_grid_triangle_9x9_warning,
          minmay_the_grid_triangle_9x9_from_above,
          minmay_the_grid_triangle_9x9_sprig,
          minmay_the_grid_triangle_9x9_zippers_horizontal,
          minmay_the_grid_triangle_9x9_intruding_spiral,
          minmay_the_grid_triangle_9x9_wacky_v,
          minmay_the_grid_triangle_9x9_prize_special], layout_cave_pods,
          erik_lair_orcish_takeover, minmay_orc_entry_temple_small,
          grunt_tough_drop
D:12:     layout_cross, gammafunk_ghost_grave, grunt_ministairs_14, uniq_lodul,
          uniq_rupert
D:13:     layout_stronghold, ebering_ghost_funeral_grove, uniq_urug
D:14:     layout_roguey, david_vaults_1, corexii_hall_statues_i,
          grunt_ministairs_2
D:15:     grunt_enter_depths_giant_problem, layout_loops_corners, special_room
          [special_room_bee], zin_angel
Lair:1:   dragon1_lemuel, layout_chaotic_city, nicolae_volcano_entry_vermiform,
          chequers_serial_rivers_micro_a, small_statue_intersection,
          kennysheep_rathole
Lair:2:   layout_cave_pods, nicolae_swamp_entry_splash_gauntlet,
          beast_lair_carwin_3
Lair:3:   layout_gridlike, minmay_snake_entry_spellcaster, serial_rivers,
          chequers_serial_rivers_micro_c, chequers_serial_rivers_micro_b,
          chequers_serial_rivers_micro_b, chequers_serial_rivers_micro_e,
          chequers_serial_rivers_room_b, gammafunk_ghost_wrathful_warriors,
          fungi_pond_lemuel, columned_hall_lemuel, nicolae_lair_lakeside_cave,
          infiniplex_staircase_pool
Lair:4:   layout_regular_city, minmay_slime_entry_oklob_enclosed,
          small_statue_intersection
Lair:5:   minmay_lair_end_enchanted_forest, layout_concentric_octagons,
          lemuel_oklob_altar, lemuel_fruit_fields
Swamp:1:  layout_falls_marsh, evilmike_swamp_ruin_house_5, uniq_kirke
Swamp:2:  layout_falls_marsh, nicolae_swamp_trees_clearing, uniq_louise
Swamp:3:  layout_basic_swamp, nicolae_swamp_oxbows, swamp_pool1,
          nicolae_swamp_hydra_murder_den
Swamp:4:  swamp_vile, layout_basic_swamp, infiniplex_staircase_pool_2
Snake:1:  layout_grid_maze, portal_ice_cave_entry_ugly_swarm, drop_trap
Snake:2:  layout_basic, uniq_saint_roka
Snake:3:  layout_basic
Snake:4:  grunt_snake_rune_spirals, layout_onion_interference,
          serial_bayou_shore_a
Orc:1:    layout_caves, minmay_orc_temple_c
Orc:2:    hellmonk_orc_salted, layout_diamond_mine, serial_shops,
          nicolae_shop_real_fake_doors, nicolae_orc_sculptors_studio,
          minmay_orc_keep
Vaults:1: vaults_mumra_bighexcomb, nicolae_vaults_more_shelving_1,
          nicolae_vaults_alarming, v_rooms_2, vaults_dpeg_diagonal,
          hangedman_vaults_maws, nicolae_vaults_little_squares_5, serial_ice_h,
          vaults_room_door_hall, nicolae_vaults_closet_pinwheel_1,
          layout_vaults_big_room
Vaults:2: gammafunk_ghost_cemetery, minmay_crypt_entry_simple_round,
          ontoclasm_vaults_misaligned, nicolae_vaults_trapezoid_4,
          vaults_standard_mumra_x, hangedman_vaults_hat, v_rooms_1,
          nicolae_vaults_theta, nicolae_vaults_gold_heap,
          nicolae_vaults_storage_room_statues, vaults_room_pool,
          nicolae_vaults_trapezoid_lopsided_1, nicolae_vaults_tetromino_Z_1,
          layout_vaults_big_cross
Vaults:3: v_misc_14, nicolae_vaults_trapezoid_1,
          nicolae_vaults_closet_pinwheel_3, v_misc_16,
          nicolae_vaults_apartment_2, nicolae_vaults_double_plus_1,
          vaults_dpeg_doors, nicolae_vaults_heart-shaped_vault,
          vaults_room_stairs_pillars, nicolae_vaults_trapezoid_lopsided_1,
          layout_vaults_quadrants, serial_shops, shop, uniq_jory
Vaults:4: ontoclasm_vaults_hangar, vaults_room_stairs_pillars,
          vaults_room_large_hall, v_misc_33, nicolae_vaults_little_guard_posts,
          nicolae_vaults_tangram_1, vaults_room_ringed_pool,
          nicolae_vaults_door_testing_chamber, nicolae_vaults_angled_halls,
          nicolae_vaults_storage_closets_1, nicolae_vaults_diagonal_hallway_7,
          nicolae_vaults_tetromino_Z_2, ontoclasm_vaults_chip,
          layout_vaults_ring, uniq_bai_suzhen
Vaults:5

Skill      XL: |  1  2  3  4  5  6  7  8  9 10 11 12 13 14 15 16 17 18 19 20 21 |
---------------+----------------------------------------------------------------+-----
Armour         | 1 2 3 4 5 7 8 10 12 13 15 | 15.0
Polearms       | 4 5 6 7 8 12 16 18 20 23 24 | 24.0
Fighting       | 3 4 13 17 | 17.0
Throwing       | 3 4 5 6 8 9 13 14 16 18 | 18.2
Invocations    | 6 8 11 13 14 18 20 | 20.0
Evocations     | 7 8 |  8.0
Dodging        | 7 9 10 12 | 12.0
Shields        | 6 12 | 12.0

Action                     |  1- 3 |  4- 6 |  7- 9 | 10-12 | 13-15 | 16-18 | 19-21 || total
---------------------------+-------+-------+-------+-------+-------+-------+-------++-------
  Melee: Trident           |    71 |       |       |       |       |       |       ||    71
         Headbutt          |     5 |     7 |    29 |    34 |   100 |   149 |   128 ||   452
         Punch             |     1 |       |       |       |       |     1 |       ||     2
         Bardiche          |     2 |   101 |   262 |   311 |   760 |   678 |   568 ||  2682
         War axe           |       |       |       |       |     8 |   130 |       ||   138
  Throw: Boomerang         |       |       |     4 |     9 |    51 |     8 |     4 ||    76
         Javelin           |       |       |       |       |     4 |     7 |       ||    11
 Invoke: Cleansing Flame   |       |       |       |     2 |     2 |     5 |    11 ||    20
         Divine Shield     |       |       |       |     1 |       |       |     1 ||     2
         Summon Divine War |       |       |       |       |       |     2 |     3 ||     5
  Evoke: Wand              |       |       |       |       |     2 |       |       ||     2
         Condenser vane    |       |       |       |       |     2 |       |       ||     2
    Use: Scroll            |       |     1 |     4 |    11 |     4 |     6 |     5 ||    31
         Potion            |       |       |     2 |     5 |     7 |     1 |     5 ||    20
 Armour: Ring mail         |     4 |       |       |       |       |       |       ||     4
         Scale mail        |    17 |    35 |     3 |       |       |       |       ||    55
         Crystal plate arm |       |       |   260 |       |   154 |   258 |       ||   672
         Chain mail        |       |       |    20 |   123 |   114 |       |       ||   257
         Plate armour      |       |       |       |       |       |   138 |   250 ||   388
  Dodge: Dodged            |    23 |    46 |    90 |   101 |   339 |   463 |   277 ||  1339
  Block: Other             |       |       |       |     8 |       |       |     1 ||     9
